 Dungeon Crawl Stone Soup version 0.22-a0-617-g6d95e9e (webtiles) character file.

44 Hebeh the Firebug (level 3, -5/19 HPs)
             Began as a Deep Elf Fire Elementalist on July 12, 2018.
             Slain by Natasha (8 damage)
             ... on level 2 of the Dungeon.
             The game lasted 00:06:46 (1421 turns).

Hebeh the Firebug (Deep Elf Fire Elementalist)      Turns: 1421, Time: 00:06:47

Health: -5/19      AC:  2    Str:  6    XL:     3   Next: 39%
Magic:  7/10       EV: 13    Int: 19    God:
Gold:   55         SH:  0    Dex: 15    Spells: 8/9 levels left

rFire    + . .     SeeInvis .   a - +0 short sword
rCold    . . .     Gourm    .   (no shield)
rNeg     . . .     Faith    .   b - +0 robe
rPois    .         Spirit   .   (no helmet)
rElec    .         Reflect  .   (no cloak)
rCorr    .         Harm     .   (no gloves)
MR       .....                  (no boots)
Stlth    ++........             (no amulet)
HPRegen  0.06/turn              h - ring of protection from fire
MPRegen  0.12/turn              (no ring)

@: no status effects
A: no striking features
a: no special abilities


You were on level 2 of the Dungeon.
You were not hungry.

You visited 1 branch of the dungeon, and saw 2 of its levels.

You collected 55 gold pieces.

Inventory:

Hand Weapons
 a - a +0 short sword (weapon)
 l - a +2 whip of holy wrath
Missiles
 k - 2 tomahawks (quivered)
 m - a stone
Armour
 b - a +0 robe (worn)
Jewellery
 h - a ring of protection from fire (left hand)
Scrolls
 d - a scroll of remove curse {unknown}
 f - 2 scrolls of identify {unknown}
 g - a scroll of enchant weapon {unknown}
Potions
 e - a potion of heal wounds {unknown}
 j - 2 potions of haste
 n - a potion of flight {unknown}
Comestibles
 c - 4 rations
 i - 7 chunks of flesh


   Skills:
 - Level 2.4 Dodging
 - Level 2.4 Stealth
 + Level 3.6 Spellcasting
 * Level 2.7 Conjurations
 + Level 3.7 Fire Magic


You had 8 spell levels left.
You knew the following spells:

 Your Spells              Type           Power        Failure   Level  Hunger
a - Flame Tongue          Conj/Fire      ###..        3%          1    None

Your spell library contained the following spells:

 Spells                   Type           Power        Failure   Level  Hunger
 Fireball                 Conj/Fire      ###.......   71%         5    ######.
 Conjure Flame            Conj/Fire      ###.....     11%         3    ###....
 Throw Flame              Conj/Fire      ###...       5%          2    ##.....
 Sticky Flame             Conj/Fire      ###.....     36%         4    ####...
 Inner Flame              Hex/Fire       ##......     21%         3    ###....


Dungeon Overview and Level Annotations

Branches:
Dungeon (2/15)

Altars:

Annotations:
D:2 Natasha


Message History

Aiming: Flame Tongue (safe; 3% risk of failure)
Press: ? - help, Shift-Dir - straight line, f - Natasha
Aim: Natasha, carrying a wand of flame (28)
The flame tongue hits Natasha.
Natasha is lightly wounded.
Natasha mumbles some strange words.
Casting: Flame Tongue (safe; 3% risk of failure)
Confirm with . or Enter, or press ? or * to list all spells.
Aiming: Flame Tongue (safe; 3% risk of failure)
Press: ? - help, Shift-Dir - straight line, f/p - Natasha
Aim: Natasha, carrying a wand of flame (28) (lightly wounded)
The flame tongue misses Natasha.
Natasha claws you.
* * * LOW HITPOINT WARNING * * *
Casting: Flame Tongue (safe; 3% risk of failure)
Confirm with . or Enter, or press ? or * to list all spells.
Aiming: Flame Tongue (safe; 3% risk of failure)
Press: ? - help, Shift-Dir - straight line, f/p - Natasha
Aim: Natasha, carrying a wand of flame (28) (lightly wounded)
The flame tongue misses Natasha.
Natasha claws you!
You die...

+ ####### ## #.....#
#. #.....# #
###.....#.##
#.......#...
###########.......####
#..5h@................
##.##########.....####
#######


You could see Natasha and a crimson imp.

Vanquished Creatures
  An adder (D:2)
  An ooze (D:2)
  A worm (D:2)
  2 leopard geckos
  2 goblins
  6 hobgoblins
  3 kobolds
  2 ball pythons
  2 bats
  7 rats
27 creatures vanquished.

Notes
Turn   | Place    | Note
-------+----------+-------------------------------------------
     0 | D:1      | Hebeh the Deep Elf Fire Elementalist began the quest for the Orb.
     0 | D:1      | Reached XP level 1. HP: 10/10 MP: 6/6
   205 | D:1      | Reached XP level 2. HP: 15/15 MP: 6/8
  1134 | D:2      | Reached XP level 3. HP: 11/19 MP: 0/10
  1414 | D:2      | Noticed Natasha
  1421 | D:2      | Slain by Natasha

Vault maps used:
D:1:      lemuel_arrival_room, hangedman_abyss_or_decor_lesser_grid,
          lemuel_flame_loot_1
D:2:      first_ration, uniq_natasha

Skill      XL: |  1  2 |
---------------+-------+-----
Conjurations   | 2 |  2.7
Dodging        | |  2.4
Stealth        | |  2.4
Spellcasting   | |  3.6
Fire Magic     | |  3.7

Action                   || total
-------------------------++-------
Throw: Stone             ||    23
       Tomahawk          ||     5
 Cast: Flame Tongue      ||    51
  Eat: Chunk             ||     1
Armor: Robe              ||     1
Dodge: Dodged            ||     7

Table legend:
 A = Spawn XP
 B = Non-spawn XP
 C = Spawn XP percentage of total XP
 D = Spawn monster count
 E = Non-spawn monster count
 F = Spawn count percentage of total count
 G = Total turns spent on level
                    A         B        C        D         E        F      G
               +---------+---------+-------+---------+---------+-------+---------
         Total |       0 |      63 |   0.0 |       0 |      27 |   0.0 |  1421
               +---------+---------+-------+---------+---------+-------+---------
           D:1 |       0 |      20 |   0.0 |       0 |      14 |   0.0 |   881
           D:2 |       0 |      43 |   0.0 |       0 |      13 |   0.0 |   540
               +---------+---------+-------+---------+---------+-------+---------
